 Dungeon Crawl Stone Soup version 0.31-a0-358-gac0dbeb3ab (webtiles) character file.

Game seed: 12374586545566911554

133058 Newt the Brawler (level 16, -25/134 HPs)
             Began as a Grey Draconian Shapeshifter on July 25, 2023.
             Was the Champion of Okawaru.
             Killed from afar by a will-o-the-wisp (29 damage)
             ... with a foxfire
             ... on level 3 of the Swamp.
             The game lasted 00:45:49 (33855 turns).

Newt the Brawler (Grey Draconian Shapeshifter)     Turns: 33855, Time: 00:45:51

Health: -25/134    AC: 21    Str: 28    XL:     16   Next: 59%
Magic:  0/31       EV: 18    Int: 14    God:    Okawaru [******]
Gold:   2134       SH:  0    Dex: 12    Spells: 15/15 levels left

rFire   . . .        v - melded +5 dagger of the Penguin {flame, rF+ rC- Str+2}
rCold   + + .        h - melded -1 buckler of Jotseva {Harm rCorr Int-3 Dex-5}
rNeg    + + .        (body armour unavailable)
rPois   +            J - +3 hat of Pondering {ponderous, Will+ MP+10 Int+5}
rElec   +            W - +1 cloak {Will+}
rCorr   .            (gloves currently unavailable)
SInv    +            c - +1 pair of boots "Birch" {rElec rPois rC++ SInv}
Will    ++++.        o - amulet of guardian spirit
Stlth   +            y - ring "Haugg" {rElec rN+ Will+ Str+3}
HPRegen 0.00/turn    p - ring of Youthful Indiscretion {rPois rN+}
MPRegen 0.22/turn

%: guardian spirit
@: blade hands, inhibited regen, slow
A: AC +14, amphibious, unfitting armour, cold-blooded, inhibited regeneration
a: Begin Untransformation, Renounce Religion, Heroism, Finesse, Duel


You were on level 3 of the Swamp.
You worshipped Okawaru.
Okawaru was exalted by your worship.
You had blades for hands.
You visited 5 branches of the dungeon, and saw 26 of its levels.
You also visited: Gauntlet and Ice Cave.

You collected 2656 gold pieces.
You spent 522 gold pieces at shops.

Inventory:

Hand Weapons
 v - the +5 dagger of the Penguin (melded) {flame, rF+ rC- Str+2}
   (You bought it in a shop on level 7 of the Dungeon)

   Str:       It affects your strength (+2).
   rF:        It protects you from fire.
   rC:        It makes you vulnerable to cold.
Armour
 c - the +1 pair of boots "Birch" (worn) {rElec rPois rC++ SInv}
   (Okawaru gifted it to you on level 3 of the Lair of Beasts)

   rC:        It greatly protects you from cold.
   rElec:     It insulates you from electricity.
   rPois:     It protects you from poison.
   SInv:      It lets you see invisible.
 e - the +5 pair of boots "Uraaz" {rN++}
   (Okawaru gifted it to you on level 13 of the Dungeon)

   rN:        It greatly protects you from negative energy.
 h - the -1 buckler of Jotseva (melded) {Harm rCorr Int-3 Dex-5}
   (You found it on level 2 of the Dungeon)

   Int:       It affects your intelligence (-3).
   Dex:       It affects your dexterity (-5).
   rCorr:     It protects you from acid and corrosion.
   Harm:      It increases damage dealt and taken.
 s - the +2 hat of the Iron Devil {rPois Regen+}
   (You found it on level 15 of the Dungeon)

   rPois:     It protects you from poison.
   Regen:     It increases your rate of health regeneration.
 w - the +2 pair of boots "Seqewuepa" {rElec rC+ Will+}
   (Okawaru gifted it to you in an ice cave)

   rC:        It protects you from cold.
   rElec:     It insulates you from electricity.
   Will:      It increases your willpower.
 E - the +0 cloak of Dishonour {Harm rF- rC+}
   (Okawaru gifted it to you on level 13 of the Dungeon)

   rF:        It makes you vulnerable to fire.
   rC:        It protects you from cold.
   Harm:      It increases damage dealt and taken.
 J - the +3 hat of Pondering (worn) {ponderous, Will+ MP+10 Int+5}
   (You took it off Gastronok on level 11 of the Dungeon)

   Int:       It affects your intelligence (+5).
   MP:        It affects your magic capacity (+10).
   Will:      It increases your willpower.
 W - a +1 cloak of willpower (worn)
Jewellery
 g - a ring of willpower
 m - a ring of see invisible
 o - an amulet of guardian spirit (around neck)
 p - the ring of Youthful Indiscretion (right blade hand) {rPois rN+}
   (You found it on level 15 of the Dungeon)

   [ring of poison resistance]

   rPois:     It protects you from poison.
   rN:        It protects you from negative energy.
 u - a +6 ring of dexterity
 x - the ring of Otoatoj {rF+ rC+}
   (You found it in an ice cave)

   [ring of protection from cold]

   rF:        It protects you from fire.
   rC:        It protects you from cold.
 y - the ring "Haugg" (left blade hand) {rElec rN+ Will+ Str+3}
   (You found it in an ice cave)

   [ring of positive energy]

   Str:       It affects your strength (+3).
   rElec:     It insulates you from electricity.
   rN:        It protects you from negative energy.
   Will:      It increases your willpower.
 I - a ring of resist corrosion
 M - a +6 ring of strength
Talismans
 l - a granite talisman
 X - a blade talisman
 Y - a dragon-blood talisman
Wands
 n - a wand of flame (73) (quivered)
 A - a wand of mindburst (24)
 C - a wand of quicksilver (9)
 H - a wand of polymorph (24)
 S - a wand of roots (17)
 V - a wand of digging (6)
Scrolls
 d - 6 scrolls of poison
 f - 9 scrolls of teleportation
 B - 4 scrolls of identify
 D - a scroll of brand weapon
 O - 5 scrolls of fear
 R - 6 scrolls of fog
 T - a scroll of enchant weapon
 Z - 2 scrolls of silence
Potions
 a - 3 potions of lignification
 b - a potion of berserk rage
 j - 3 potions of enlightenment
 k - 7 potions of heal wounds
 q - 2 potions of might
 r - 2 potions of magic
 t - a potion of brilliance
 F - 8 potions of curing
 K - a potion of invisibility
 P - a potion of mutation
 Q - a potion of resistance
 U - 3 potions of cancellation
Miscellaneous
 i - a phial of floods
 z - a tin of tremorstones (1/2)
 G - a lightning rod (4/4)
 L - a box of beasts


   Skills:
 - Level 10.0 Fighting
 - Level 14.0 Dodging
 + Level 17.5 Unarmed Combat
 - Level 7.0 Invocations
 - Level 15.0 Shapeshifting


You had 15 spell levels left.
You didn't know any spells.
Your spell library contained the following spells:

 Spells                   Type           Power      Damage    Failure   Level
 Apportation              Tloc           0%         N/A       71%         1
 Freeze                   Ice            0%         1d3       71%         1
 Kiss of Death            Conj/Necr      0%         2d5       71%         1
 Necrotise                Necr           0%         1d4       71%         1
 Shock                    Conj/Air       0%         1d3       71%         1
 Slow                     Hex            0%         N/A       71%         1
 Blink                    Tloc           0%         N/A       82%         2
 Lesser Beckoning         Tloc           0%         N/A       82%         2
 Momentum Strike          Conj/Tloc      0%         3d8       82%         2
 Static Discharge         Conj/Air       0%         2-2/arc   82%         2
 Sublimation of Blood     Necr           0%         N/A       82%         2
 Confusing Touch          Hex            0%         N/A       94%         3
 Dazzling Flash           Conj/Hex       0%         N/A       94%         3
 Frozen Ramparts          Ice            0%         1d1       94%         3
 Gell's Gravitas          Tloc           0%         N/A       94%         3
 Hailstorm                Conj/Ice       0%         3d3       94%         3
 Ignite Poison            Fire/Tmut/Pois 0%         N/A       94%         3
 Ozocubu's Armour         Ice            0%         N/A       94%         3
 Swiftness                Air            0%         N/A       94%         3
 Teleport Other           Tloc           0%         N/A       94%         3
 Vampiric Draining        Necr           0%         2d6       94%         3
 Volatile Blastmotes      Fire/Tloc      0%         2d10      94%         3
 Airstrike                Air            0%         2d(0-16)  100%        4
 Fulminant Prism          Conj/Hex       0%         3d5       100%        4
 Iskenderun's Mystic Bla  Conj/Tloc      0%         2d3       100%        4
 Passage of Golubria      Tloc           0%         N/A       100%        4
 Sticky Flame             Conj/Fire      0%         2d3       100%        4
 Lee's Rapid Deconstruct  Erth           0%         3d4*      100%        5
 Metabolic Englaciation   Hex/Ice        0%         N/A       100%        5
 Yara's Violent Unravell  Hex/Tmut       0%         3d3       100%        5
 Conjure Ball Lightning   Conj/Air       0%         3x3d6     100%        6
 Starburst                Conj/Fire      0%         6d3       100%        6
 Orb of Destruction       Conj           0%         9d5       100%        7
 Discord                  Hex            0%         N/A       100%        8
 Disjunction              Tloc           0%         N/A       100%        8
 Ignition                 Fire           0%         3d3       100%        8
 Lehudib's Crystal Spear  Conj/Erth      0%         10d2      100%        8
 Maxwell's Capacitive Co  Air            0%         ∞         100%        8
 Death's Door             Necr           0%         N/A       100%        9
 Summon Small Mammal      Summ           Unusable   N/A       N/A         1
 Summon Guardian Golem    Hex/Summ       Unusable   N/A       N/A         3
 Tukima's Dance           Hex            Unusable   N/A       N/A         3
 Animate Armour           Summ/Erth      Unusable   N/A       N/A         4
 Summon Lightning Spire   Summ/Air       Unusable   N/A       N/A         4
 Summon Forest            Summ/Tloc      Unusable   N/A       N/A         5
 Simulacrum               Ice/Necr       Unusable   N/A       N/A         6
 Haunt                    Necr/Summ      Unusable   N/A       N/A         7
 Spellforged Servitor     Conj/Summ      Unusable   N/A       N/A         7

Dungeon Overview and Level Annotations

Branches:
Dungeon (15/15)            Temple (1/1) D:7            Lair (5/5) D:11
  Swamp (3/4) Lair:2       Spider (0/4) Lair:2        Slime (0/5) Lair:4
    Orc (2/2) D:11            Elf (0/3) Orc:2        Vaults (0/5) D:14
 Depths (0/4) D:15          IceCv (visited)         Gauntlet (visited)

Altars:
Ashenzari
Cheibriados
Dithmenos
Elyvilon
Fedhas
Gozag
Hepliaklqana
Kikubaaqudgha
Makhleb
Nemelex Xobeh
Okawaru
Qazlal
Ru
Sif Muna
Trog
Uskayaw
Vehumet
Wu Jian
Xom
Yredelemnul
Zin
The Shining One
Jiyva

Shops:
D:7 (   Orc:1 (   Orc:2 [([=

Annotations:
Lair:1 2 transporters, Raacer's ghost, journeyman KoHu
Lair:4 1 runed translucent door


Innate Abilities, Weirdness & Mutations

You have blades for hands.
Your spellcasting is less reliable in this form.
You are incapable of wielding weapons or throwing items.
Your dull iron-grey scales are very hard. (AC +14)
You are amphibious.
You cannot fit into any form of body armour.
You are cold-blooded and may be slowed by cold attacks.
You do not regenerate when monsters are visible.


Message History

Found a flail.
The will-o-the-wisp engulfs you!
You barely miss the will-o-the-wisp.
You tail-slap the will-o-the-wisp, but do no damage.
Your slash misses the will-o-the-wisp.
The will-o-the-wisp gestures.
The will-o-the-wisp conjures some foxfire! 2 foxfires come into view.
You barely miss the will-o-the-wisp. The foxfire hits you!
The foxfire hits you!!
Unknown command.
The will-o-the-wisp gestures.
The will-o-the-wisp conjures some foxfire!
The alligator puts on a burst of speed! 2 foxfires come into view.
The foxfire hits you! The foxfire hits you!!
* * * LOW HITPOINT WARNING * * *
The will-o-the-wisp gestures.
The will-o-the-wisp conjures some foxfire! 2 foxfires come into view.
You are engulfed in a cloud of scalding steam.
The foxfire hits you!!
* * * LOW HITPOINT WARNING * * *
The alligator is engulfed in a cloud of scalding steam.
The alligator bites you.
* * * LOW HITPOINT WARNING * * *
The alligator misses you. The foxfire hits you.
* * * LOW HITPOINT WARNING * * *
The will-o-the-wisp gestures.
The will-o-the-wisp conjures some foxfire!
The alligator bites you but does no damage.
The alligator tail-slaps you but does no damage. 2 foxfires come into view.
Unknown command.
Blink to where?
Press: ? - help, Dir - move target Floosh!
As you read the scroll of blinking, it crumbles to dust.
The tyrant leech is engulfed in a cloud of scalding steam.
The foxfire hits you!!
You die...

♣~~♣....~§§~...~~.♣
♣♣.~~~~~~§~~~~.~~~.♣
.~.~.§~~~~v§~~.~~~.♣♣♣♣
§~~.$.~~§~§§§§~.~~....♣~
..~§.~~~§t§§§§~~~.~§~~..
♣♣~~.~)~§§~w.§§~~.~~~~~.
♣...~§§~~§.~~§§...~~~...
♣♣...~~~..~♣♣.vv~~~~~...
♣♣♣....~~.♣♣.~@~~..~~.
♣♣♣..~~~~♣.~~~~~.~~.
♣~..~.♣♣♣.~~§.~♣~~ ♣♣♣♣♣
♣♣~.~♣♣..~~~~.~♣ ♣~~~♣♣
♣♣♣♣♣♣..~~~~~~♣♣♣♣
.~~~.♣ ♣♣.~~~~...~.♣
.~~~~♣♣ ♣.~~~...~♣♣♣
♣~~~.~♣♣♣ ♣~....~.~♣♣♣
♣♣...~~.♣♣ ♣♣.>.~~.§~~♣


You could see an alligator (swift), a tyrant leech and a will-o-the-wisp.

Vanquished Creatures
  Rupert (D:15)
  3 liches
  Gastronok (D:11)
  The ghost of Tolur the Eclecticist, an adept DEFE of Vehumet (D:15)
  An orc warlord (Orc:2)
  The ghost of Aqenwou the Unseen, a journeyman GrWn of Dithmenos (D:15)
  2 eleionomae (Swamp:2)
  The ghost of Huipt the Bewitcher, a journeyman DEFE of Sif Muna (D:15)
  A dire elephant (D:15)
  Snorg (D:10)
  A minotaur (Gauntlet)
  A bunyip (Swamp:2)
  A rakshasa (D:14)
  17 hydras
  Erolcha (D:10)
  3 ghost crabs
  5 centaur warriors
  2 dancing weapons (D:14)
  6 alligators
  7 boulder beetles
  A death knight (D:13)
  2 ogre magi (D:15)
  14 two-headed ogres
  4 death yaks (Lair:4)
  Urug (D:11)
  5 spriggans
  A skyshark (Lair:4)
  A death drake (Swamp:2)
  Lodul (D:9)
  5 skeletal warriors (D:14)
  A swamp dragon (Swamp:2)
  3 goliath frogs (Swamp:1)
  10 bog bodies
  A phantasmal warrior (D:13)
  A wizard (D:14)
  An obsidian statue (IceCv)
  A spriggan simulacrum (IceCv)
  5 deep elf pyromancers
  3 wolf spiders
  A necromancer (IceCv)
  An ugly thing (D:15)
  A salamander (shapeshifter) (D:13)
  8 cyclopes
  9 manticores
  2 orc sorcerers
  2 will-o-the-wisps
  An oklob plant (Lair:2)
  A moth of wrath (Gauntlet)
  A guardian serpent (Lair:5)
  8 black mambas
  A guardian serpent (shapeshifter) (D:15)
  A gargoyle (D:14)
  13 cane toads
  2 rime drakes
  3 kobold demonologists
  4 efreet
  A yaktaur (shapeshifter) (D:13)
  19 freezing wraiths
  7 komodo dragons
  An ice devil (IceCv)
  A tengu conjurer (D:13)
  7 trolls
  A meliai (shapeshifter) (D:13)
  2 golden dragon simulacra (IceCv)
  A polar bear (Lair:2)
  7 hornets
  4 tyrant leeches
  19 blink frogs
  3 slime creatures (D:13)
  15 wyverns
  19 yaks
  A shadow (D:10)
  6 basilisks
  4 dire elephant simulacra (IceCv)
  A steam dragon (D:7)
  5 wraiths
  2 redbacks (Lair:5)
  A neqoxec (Gauntlet)
  2 fire elementals (Gauntlet)
  14 vampire mosquitoes
  2 chaos spawn (Gauntlet)
  Menkaure (D:6)
  2 minotaur simulacra (IceCv)
  13 swamp worms
  6 harpy simulacra (IceCv)
  2 hydra simulacra (IceCv)
  28 water moccasins
  2 acid dragons
  3 wargs (Orc:2)
  3 hell hounds (Gauntlet)
  2 spectral blink frogs (Lair:2)
  An ettin simulacrum (IceCv)
  28 orc warriors
  4 alligator simulacra (IceCv)
  2 ice beasts
  3 swamp drakes
  A black bear (D:6)
  11 wolves
  30 ogres
  11 centaurs
  A phantom (D:6)
  3 kobold brigands
  10 bullfrogs
  A gnoll sergeant (D:7)
  7 scorpions
  2 deep troll simulacra (IceCv)
  9 killer bees
  A lindwurm simulacrum (IceCv)
  A spectral wolf (Lair:2)
  4 electric eels
  7 howler monkeys
  Crazy Yiuf (D:7)
  23 orc priests
  3 hounds (D:4)
  29 orc wizards
  A boggart simulacrum (D:14)
  3 gnolls
  5 adders
  2 white imps (D:6)
  A worm (D:5)
  3 dart slugs
  105 orcs
  5 bats
  7 endoplasms
  5 giant cockroaches
  5 goblins
  5 hobgoblins
  16 kobolds
  3 quokkas
  8 ball pythons
  6 frilled lizards
  5 rats
762 creatures vanquished.

Vanquished Creatures (others)
  A bloated husk (Swamp:1)
  A howler monkey (D:13)
  An orc wizard (D:8)
  A white imp (D:6)
  16 foxfires
20 creatures vanquished.

Grand Total: 782 creatures vanquished

Notes
Turn   | Place    | Note
-------+----------+-------------------------------------------
     0 | D:1      | Newt the Draconian Shapeshifter began the quest for the
                  | Orb.
     0 | D:1      | Reached XP level 1. HP: 16/16 MP: 1/1
   129 | D:1      | Reached XP level 2. HP: 17/25 MP: 2/2
   641 | D:2      | Reached XP level 3. HP: 21/31 MP: 3/3
   741 | D:2      | Identified the -1 buckler of Jotseva {Harm rCorr Int-3
                  | Dex-5}
  1309 | D:3      | Noticed a scorpion
  1316 | D:3      | Killed a scorpion
  1317 | D:3      | Reached XP level 4. HP: 24/40 MP: 4/4
  1899 | D:3      | You fall into a shaft and drop 3 floors!
  1906 | D:6      | Noticed a scorpion
  1917 | D:6      | Killed a scorpion
  1918 | D:6      | Reached XP level 5. HP: 22/46 MP: 5/5
  1919 | D:5      | Entered Level 5 of the Dungeon
  1962 | D:5      | Reached XP level 6. HP: 19/52 MP: 6/6
  2394 | D:4      | Reached skill level 5 in Shapeshifting
  3303 | D:5      | Your scales start taking on a dull iron-grey colour.
  3303 | D:5      | Reached XP level 7. HP: 25/59 MP: 7/7
  3719 | D:5      | Found a white marble altar of Elyvilon.
  3720 | D:5      | Found a sacrificial altar of Ru.
  4108 | D:6      | Found a blossoming altar of Fedhas.
  4137 | D:6      | Noticed Menkaure
  4140 | D:6      | Killed Menkaure
  4380 | D:6      | Reached XP level 8. HP: 33/66 MP: 8/8
  4953 | D:7      | Found Digra's Antique Weapon Shop.
  4961 | D:7      | Bought a translucent dagger for 154 gold pieces
  4961 | D:7      | Identified the +5 dagger of the Penguin {flame, rF+ rC-
                  | Str+2} (You bought it in a shop on level 7 of the Dungeon)
  5416 | D:7      | Reached skill level 4 in Unarmed Combat
  5462 | D:7      | Reached XP level 9. HP: 44/72 MP: 9/9
  5468 | D:7      | Reached skill level 5 in Unarmed Combat
  5641 | D:7      | Found a runed translucent door.
  5642 | D:7      | Noticed Crazy Yiuf
  6125 | D:8      | HP: 5/108 [poisoned by a gnoll sergeant]
  6917 | D:7      | Found a staircase to the Ecumenical Temple.
  7137 | Temple   | Entered the Ecumenical Temple
  7206 | Temple   | Became a worshipper of Warmaster Okawaru
  7372 | D:7      | Killed Crazy Yiuf
  7373 | D:7      | Reached skill level 6 in Unarmed Combat
  7732 | D:8      | Reached skill level 7 in Unarmed Combat
  7828 | D:8      | Identified the +3 tower shield "Titim" {MP+9 Int-2 Dex+4
                  | SInv}
  7835 | D:8      | Noticed a boulder beetle
  7858 | D:8      | Killed a boulder beetle
  7858 | D:8      | Reached * piety under Okawaru
  7859 | D:8      | Reached skill level 5 in Dodging
  8281 | D:9      | Reached ** piety under Okawaru
  8485 | D:9      | Noticed a two-headed ogre
  8492 | D:9      | Killed a two-headed ogre
  8493 | D:9      | Reached XP level 10. HP: 71/83 MP: 10/10
  8833 | D:9      | Noticed a two-headed ogre
  8838 | D:9      | Killed a two-headed ogre
  8839 | D:9      | Reached skill level 8 in Unarmed Combat
  9586 | D:10     | Entered Level 10 of the Dungeon
  9625 | D:10     | Noticed Lodul
  9633 | D:10     | Reached skill level 9 in Unarmed Combat
  9633 | D:10     | Noticed Erolcha
 10111 | D:10     | Killed Erolcha
 10111 | D:10     | Reached *** piety under Okawaru
 10112 | D:10     | Reached skill level 10 in Unarmed Combat
 10724 | D:9      | Killed Lodul
 10724 | D:9      | Reached **** piety under Okawaru
 11019 | D:10     | Noticed Snorg
 11035 | D:10     | Killed Snorg
 11036 | D:10     | Reached XP level 11. HP: 5/89 MP: 11/11
 11037 | D:10     | Reached ***** piety under Okawaru
 11404 | D:10     | Found a shadowy altar of Dithmenos.
 11434 | D:10     | Found a glowing silver altar of Zin.
 11760 | D:11     | Noticed a two-headed ogre
 11766 | D:11     | Killed a two-headed ogre
 11788 | D:11     | Noticed Urug
 11793 | D:11     | Noticed Gastronok
 11798 | D:11     | Killed Urug
 12032 | D:11     | Killed Gastronok
 12032 | D:11     | Identified the +1 pair of gloves of Okawaru's Esteem {MP+9
                  | Stlth+} (Okawaru gifted it to you on level 11 of the
                  | Dungeon)
 12032 | D:11     | Received a gift from Okawaru
 12033 | D:11     | Reached skill level 10 in Dodging
 12033 | D:11     | Reached skill level 1 in Invocations
 12466 | D:11     | Found a staircase to the Lair.
 12470 | D:11     | Reached skill level 5 in Invocations
 12654 | D:11     | Found a staircase to the Orcish Mines.
 13316 | D:12     | Noticed a two-headed ogre
 13317 | D:12     | Noticed a two-headed ogre
 13319 | D:12     | Noticed a two-headed ogre
 13329 | D:12     | Killed a two-headed ogre
 13331 | D:12     | Killed a two-headed ogre
 13334 | D:12     | Killed a two-headed ogre
 13335 | D:12     | Reached XP level 12. HP: 29/96 MP: 15/17
 13339 | D:12     | Reached skill level 10 in Shapeshifting
 13984 | D:13     | Identified the +0 cloak of Dishonour {Harm rF- rC+}
                  | (Okawaru gifted it to you on level 13 of the Dungeon)
 13984 | D:13     | Received a gift from Okawaru
 14072 | D:13     | Found a gate leading to a gauntlet.
 14077 | Gauntlet | Entered a Gauntlet
 14077 | Gauntlet | Found a transporter.
 14077 | Gauntlet | Found a transporter.
 14077 | Gauntlet | Found a transporter.
 14077 | Gauntlet | Found a runed translucent gate.
 14117 | Gauntlet | Found a runed translucent gate.
 14118 | Gauntlet | Found a runed translucent gate.
 14126 | Gauntlet | Found a transporter.
 14129 | Gauntlet | Found a transporter.
 14137 | Gauntlet | Found a transporter.
 14141 | Gauntlet | Found a transporter.
 14149 | Gauntlet | Found a transporter.
 14163 | Gauntlet | Found a transporter.
 14169 | Gauntlet | Noticed a catoblepas
 14185 | Gauntlet | Found a transporter.
 14186 | Gauntlet | Found a transporter.
 14196 | Gauntlet | Found a transporter.
 14282 | Gauntlet | Reached ****** piety under Okawaru
 14387 | Gauntlet | Gained mutation: You do not regenerate when monsters are
                  | visible. [a neqoxec]
 14520 | Gauntlet | Identified the amulet of Qevent {Faith Dex+2}
 14531 | Gauntlet | Noticed a minotaur
 14542 | Gauntlet | Killed a minotaur
 14551 | Gauntlet | Identified the staff of an ice cave {rElec Int+4 SInv Air}
 15184 | D:13     | Noticed a centaur warrior
 15202 | D:13     | Killed a centaur warrior
 15470 | D:13     | Noticed a boulder beetle
 15490 | D:13     | Killed a boulder beetle
 15598 | D:13     | Noticed a four-headed hydra
 15879 | D:13     | Killed a four-headed hydra
 16081 | D:13     | Noticed a two-headed ogre
 16091 | D:13     | Killed a two-headed ogre
 16092 | D:13     | Reached XP level 13. HP: 85/102 MP: 18/18
 16335 | D:13     | Identified the +5 pair of boots "Uraaz" {rN++} (Okawaru
                  | gifted it to you on level 13 of the Dungeon)
 16335 | D:13     | Received a gift from Okawaru
 17032 | Lair:1   | Entered Level 1 of the Lair of Beasts
 17756 | Lair:1   | Found a transporter.
 17760 | Lair:1   | Found a transporter.
 17760 | Lair:1   | Noticed Raacer's ghost (journeyman KoHu)
 18292 | Lair:2   | Found a hole to the Spider Nest.
 18807 | Lair:2   | Found a staircase to the Swamp.
 19083 | Lair:3   | Identified the +1 pair of boots "Birch" {rElec rPois rC++
                  | SInv} (Okawaru gifted it to you on level 3 of the Lair of
                  | Beasts)
 19083 | Lair:3   | Received a gift from Okawaru
 19219 | Lair:3   | Reached skill level 15 in Shapeshifting
 20758 | Lair:4   | Reached XP level 14. HP: 84/110 MP: 19/19
 20939 | Lair:4   | Found a dark tunnel.
 21067 | Lair:4   | Found a runed translucent door.
 21067 | Lair:4   | Found a viscous altar of Jiyva.
 21067 | Lair:4   | Found a staircase to the Slime Pits.
 21067 | Lair:4   | Noticed an azure jelly
 21067 | Lair:4   | Noticed an azure jelly
 21581 | Lair:5   | Entered Level 5 of the Lair of Beasts
 21735 | Lair:5   | Received a gift from Okawaru
 21941 | Lair:5   | Identified the +8 great mace "Sad Qab" {flame, rF- Will++
                  | rCorr Str+3}
 23563 | Orc:1    | Entered Level 1 of the Orcish Mines
 23765 | Orc:2    | Entered Level 2 of the Orcish Mines
 23917 | Orc:2    | Found Puc Qie's Jewellery Shoppe.
 24068 | Orc:2    | Found a staircase to the Elven Halls.
 24323 | Orc:2    | Noticed an orc warlord
 24347 | Orc:2    | Killed an orc warlord
 24729 | Orc:2    | Found Rostroch's Antique Armour Emporium.
 24778 | Orc:2    | Bought an embroidered cloak for 165 gold pieces
 24841 | Orc:2    | Found Ysur's Antique Armour Shop.
 24846 | Orc:2    | Found Herphetz's Antique Weapon Boutique.
 24857 | Orc:2    | Bought a runed hat for 203 gold pieces
 25084 | Orc:1    | Found Nydux's Weapon Shoppe.
 25481 | D:13     | Received a gift from Okawaru
 25536 | D:14     | Reached XP level 15. HP: 60/126 MP: 10/20
 25538 | D:14     | Reached skill level 10 in Fighting
 26173 | D:14     | Found a gate to the Vaults.
 26233 | D:15     | Entered Level 15 of the Dungeon
 26588 | D:14     | Reached skill level 11 in Unarmed Combat
 26665 | D:14     | Identified the +0 hat "Zyify" {rElec} (Okawaru gifted it to
                  | you on level 14 of the Dungeon)
 26665 | D:14     | Received a gift from Okawaru
 26738 | D:14     | Found a sparkling altar of Nemelex Xobeh.
 27230 | D:15     | Identified the +0 pair of boots of the Saviour {+Blink
                  | rPois}
 27493 | D:15     | Reached skill level 12 in Unarmed Combat
 27977 | D:15     | Found a runed translucent gate.
 27977 | D:15     | Found a runed translucent gate.
 27977 | D:15     | Found an ancient bone altar of Kikubaaqudgha.
 27977 | D:15     | Found a runed translucent gate.
 27977 | D:15     | Noticed Huipt's ghost (journeyman DEFE)
 27978 | D:15     | Noticed Tolur's ghost (adept DEFE)
 27978 | D:15     | Noticed Aqenwou's ghost (journeyman GrWn)
 27978 | D:15     | Found the +15 Maxwell's patent armour {-Cast -Tele rElec
                  | Will+ rCorr}
 27978 | D:15     | Noticed a lich
 27978 | D:15     | Noticed a lich
 28287 | D:15     | Noticed Rupert
 28300 | D:15     | Killed Rupert
 28301 | D:15     | Reached skill level 13 in Unarmed Combat
 28421 | D:15     | Found a staircase to the Depths.
 28631 | D:15     | Killed a lich
 28635 | D:15     | Killed a lich
 28643 | D:15     | Killed Huipt's ghost
 28652 | D:15     | Killed Tolur's ghost
 28661 | D:15     | Killed Aqenwou's ghost
 28662 | D:15     | Reached skill level 14 in Unarmed Combat
 28666 | D:15     | Got Osarec's Omnibus of Transposition and Outbursts
 28668 | D:15     | Identified the ring of Youthful Indiscretion {rPois rN+}
 28670 | D:15     | Identified the +4 quarterstaff of the Depths {heavy, Int+2}
 28674 | D:15     | Identified the +2 hat of the Iron Devil {rPois Regen+}
 28679 | D:15     | Got Kikubaaqudgha's Almanac of Unhallowed Spells
 28681 | D:15     | Identified the +4 glaive of Copasuff {elec, rPois rF+ Will+
                  | Stlth-}
 28898 | Swamp:1  | Entered Level 1 of the Swamp
 28934 | Swamp:1  | Found a frozen archway.
 28952 | IceCv    | Entered an ice cave
 29187 | IceCv    | Identified the +2 pair of boots "Seqewuepa" {rElec rC+
                  | Will+} (Okawaru gifted it to you in an ice cave)
 29187 | IceCv    | Received a gift from Okawaru
 29605 | IceCv    | Identified the +0 hat of Dim Light {rC++ Dex+3}
 29623 | IceCv    | Found an ancient bone altar of Kikubaaqudgha.
 30043 | IceCv    | Reached skill level 15 in Unarmed Combat
 30056 | IceCv    | Reached XP level 16. HP: 132/134 MP: 21/21
 30189 | IceCv    | Identified the ring of Otoatoj {rF+ rC+}
 30253 | IceCv    | Noticed a lich
 30266 | IceCv    | Killed a lich
 30506 | IceCv    | Identified the ring "Haugg" {rElec rN+ Will+ Str+3}
 31066 | Swamp:1  | Reached skill level 16 in Unarmed Combat
 32526 | Swamp:2  | Received a gift from Okawaru
 32588 | Swamp:2  | Reached skill level 17 in Unarmed Combat
 33854 | Swamp:3  | HP: 5/134 [alligator (4)]
 33855 | Swamp:3  | Killed from afar by a will-o-the-wisp

Illustrated notes

Levels and vault maps discovered:
D:1:      minmay_arrival_four_loops, layout_rooms, minmay_misc_feat_chi
D:2:      layout_basic, serial_bayou, serial_bayou_pond_a,
          serial_bayou_lagoon_b, serial_bayou_pond_e, serial_bayou_pond_c
D:3:      layout_loops_ring
D:4:      layout_cave_pools
D:5:      layout_gridville, nicolae_overflow_two_pavilions, minivault_24
D:6:      layout_basic, fedhas_ov_isle_minmay, minmay_misc_feat_hallway,
          uniq_menkaure
D:7:      layout_loops_cross, minmay_temple_entry_fiery, serial_shops,
          nicolae_lakefront_shop, uniq_crazy_yiuf_cottage
D:8:      layout_basic
D:9:      layout_loops_corners
D:10:     layout_rooms, zin_academy, mainiacjoe_overflow_alcove_1, uniq_erolcha,
          uniq_snorg, uniq_lodul
D:11:     layout_roguey, erik_lair_dragon, hiddenorc1_lemuel, uniq_gastronok,
          uniq_urug
D:12:     lemuel_ogre_cave, layout_basic
D:13:     minmay_blocking_statues, layout_irregular_city,
          gauntlet_entry_generic, onia_ninara_dug_in_and_dangerous
D:14:     layout_long_grid, erik_vaults_1, nemelex_xobeh_ov_fountains_minmay
D:15:     hangedman_depths_entry_try_elsewhere_first, layout_basic,
          gammafunk_ghost_crypt, nicolae_kite_square_tiling_tiny, uniq_rupert
Temple:   minmay_temple_bridge_d
Lair:1:   layout_cave_pods, gammafunk_ghost_arena
Lair:2:   layout_concentric_octagons, nicolae_swamp_entry_spooky,
          dummy_spider_entry, st_stairs_12, minmay_lair_oklob_items,
          grunt_megastairs_4, lemuel_fruit_tree
Lair:3:   layout_chaotic_city, serial_bayou_lagoon_a, infiniplex_staircase_pool
Lair:4:   layout_gridlike, slime_entry_2, nicolae_volcano_entry_lava_flow,
          chequers_serial_rivers_micro_a, serial_bayou_shore_a,
          grunt_megastairs_2
Lair:5:   wormcave, layout_layer_cave, hangedman_lair_tendril_chambers,
          infiniplex_staircase_pool_2, lemuel_fruit_fields
Swamp:1:  layout_basic_swamp, portal_ice_cave_entry_frozen_things,
          evilmike_swamp_ruin_house_2
Swamp:2:  layout_falls_marsh, hangedman_swamp_cone, swamp_pool2,
          st_swamp_ruins_2
Swamp:3:  layout_basic_swamp, evilmike_swamp_ruin_rubble_2, uniq_bai_suzhen
Orc:1:    layout_diamond_mine, serial_shops, nicolae_shop_rolling_square,
          nicolae_orc_tapped_out
Orc:2:    grunt_orc_community_town_hall, layout_caves,
          grunt_orc_community_big_house_2, grunt_orc_community_big_house_1,
          grunt_orc_community_house_1, grunt_orc_community_house_1,
          grunt_orc_community_house_3, grunt_orc_community_house_1, basic_altar

Skill      XL: |  1  2  3  4  5  6  7  8  9 10 11 12 13 14 15 16 |
---------------+-------------------------------------------------+-----
Fighting       | 2 3 4 6 9 10 | 10.0
Dodging        | 3 6 8 10 11 14 | 14.0
Shapeshifting  | 4 5 7 9 13 15 | 15.0
Unarmed Combat | 4 7 10 15 17 | 17.5
Invocations    | 7 |  7.0

Action                     |  1- 3 |  4- 6 |  7- 9 | 10-12 | 13-15 | 16-18 || total
---------------------------+-------+-------+-------+-------+-------+-------++-------
  Melee: Unarmed           |    96 |     3 |   146 |   398 |  1115 |   242 ||  2000
         Punch             |     4 |       |     8 |    21 |    84 |    30 ||   147
         Tailslap          |    10 |    13 |    34 |    67 |   178 |    47 ||   349
         Short sword       |       |   118 |    90 |       |       |       ||   208
         Falchion          |       |    18 |       |       |       |       ||    18
         Dagger            |       |       |    15 |       |    13 |       ||    28
         Bite              |       |       |       |       |     3 |       ||     3
 Invoke: Heroism           |       |       |       |     2 |     4 |     1 ||     7
         Finesse           |       |       |       |     1 |     1 |       ||     2
Ability: Begin Untransform |       |       |       |       |     1 |       ||     1
  Evoke: Wand              |       |       |     5 |     1 |     4 |     4 ||    14
         Lightning rod     |       |       |       |       |     3 |       ||     3
         Phial of floods   |       |       |       |       |       |     1 ||     1
         Tin of tremorston |       |       |       |       |       |     1 ||     1
    Use: Scroll            |     8 |     2 |     6 |     6 |    12 |     2 ||    36
         Potion            |     1 |       |     4 |     2 |     3 |       ||    10
   Stab: Sleeping          |       |       |     1 |       |       |       ||     1
         Distracted        |       |       |     2 |       |       |       ||     2
 Armour: Skin              |    30 |    37 |   118 |   144 |   398 |   124 ||   851
  Dodge: Dodged            |    49 |    69 |   124 |   359 |  1219 |   247 ||  2067
  Block: Buckler           |       |    14 |     8 |       |     3 |       ||    25
   Form: Blade             |       |       |     1 |       |     1 |       ||     2
         Dragon            |       |       |       |       |     1 |       ||     1

Table legend: (Time is in decaauts)
 A = Elapsed time spent in this place.
 B = Non-inter-level travel time spent in this place.
 C = Inter-level travel time spent in this place.
 D = Time resting spent in this place.
 E = Time spent auto-exploring this place.
 F = Levels seen in this place.
 G = Mean time per level.
                   A        B        C        D        E       F      G
               +--------+--------+--------+--------+--------+-----+--------+
         Total |  34404 |  32322 |   2082 |  10001 |  17581 |  28 | 1228.7 |
       Dungeon |  20367 |  18893 |   1474 |   6778 |   9555 |  15 | 1357.8 |
        Temple |    138 |      1 |    137 |      0 |      0 |   1 |  138.0 |
          Lair |   6312 |   6009 |    303 |    658 |   4537 |   5 | 1262.4 |
         Swamp |   3341 |   3295 |     46 |   1086 |   1765 |   3 | 1113.7 |
  Orcish Mines |   1893 |   1773 |    120 |    265 |   1071 |   2 |  946.5 |
      Ice Cave |   1678 |   1678 |      0 |    997 |    336 |   1 | 1678.0 |
      Gauntlet |    670 |    670 |      0 |    216 |    315 |   1 |  670.0 |
               +--------+--------+--------+--------+--------+-----+--------+

Top non-repeatable levels by time:
     D:9: 2545 daAuts
    D:13: 2529 daAuts
 Swamp:2: 2173 daAuts
  Lair:5: 1903 daAuts
    D:15: 1893 daAuts
    D:11: 1689 daAuts
   IceCv: 1678 daAuts
     D:8: 1672 daAuts
     D:7: 1505 daAuts
     D:5: 1442 daAuts
    D:14: 1434 daAuts
   Orc:2: 1286 daAuts
  Lair:3: 1252 daAuts
    D:12: 1234 daAuts
  Lair:2: 1230 daAuts
